 Dungeon Crawl Stone Soup version 0.26.1-10-gdfb7c7de75 (webtiles) character file.

Game seed: 14491531467589951827

57 manyhoops the Ruffian (level 3, 0/31 HPs)
             Began as a Palentonga Transmuter on Apr 3, 2021.
             Killed from afar by Sigmund (3 damage)
             ... with a magic dart
             ... on level 2 of the Dungeon.
             The game lasted 00:01:49 (1699 turns).

manyhoops the Ruffian (Palentonga Transmuter)       Turns: 1699, Time: 00:01:50

Health: 0/31       AC:  4    Str: 14    XL:     3   Next: 73%
Magic:  6/6        EV: 10    Int: 13    God:
Gold:   55         SH:  0    Dex: 10    Spells: 5/6 levels left

rFire    . . .     SeeInvis +     - Unarmed
rCold    . . .     Faith    .   (no shield)
rNeg     . . .     Spirit   .   a - +0 robe
rPois    .         Reflect  .   (no helmet)
rElec    .         Harm     .   (no cloak)
rCorr    .         Rampage  .   (no gloves)
Will     .....                  (no barding)
Stlth    +.........             (no amulet)
HPRegen  0.10/turn              (no ring)
MPRegen  0.10/turn              (no ring)

@: flying
A: large, rugged brown scales 3, see invisible, deformed body, roll 1, armoured
tail
a: Rolling Charge


You were on level 2 of the Dungeon.
You visited 1 branch of the dungeon, and saw 2 of its levels.

You collected 55 gold pieces.

Inventory:

Armour
 a - a +0 robe (worn)
Wands
 e - a wand of acid (11)
Scrolls
 d - a scroll of noise {unknown}


   Skills:
 * Level 2.1 Fighting
 - Level 1.5 Dodging
 + Level 4.3 Unarmed Combat
 - Level 2.0 Spellcasting
 - Level 2.0 Transmutations


You had 5 spell levels left.
You knew the following spells:

 Your Spells              Type           Power        Failure   Level
a - Beastly Appendage     Tmut           12%          11%         1

Your spell library contained the following spells:

 Spells                   Type           Power        Failure   Level
 Wereblood                Tmut           6%           17%         2
 Spider Form              Tmut/Pois      1%           45%         3
 Ice Form                 Ice/Tmut       3%           86%         4
 Blade Hands              Tmut           3%           97%         5


Dungeon Overview and Level Annotations

Branches:
Dungeon (2/15)

Altars:
Ashenzari

Annotations:
D:2 Sigmund


Innate Abilities, Weirdness & Mutations

You are completely covered in rugged brown scales. (AC +3, +7% HP)
You have supernaturally acute eyesight. (SInv)
Armour fits poorly on your strangely shaped body.
You can roll at nearby foes to attack.
You have a long armoured tail.


Message History

It was a potion of flight.
You feel very buoyant.
You fly up into the air.
You feel less confused. Sigmund barely misses you. Sigmund barely misses you.
You hit Sigmund.
Sigmund is lightly wounded.
You barely miss Sigmund.
Sigmund is lightly wounded.
Sigmund hits you with a +1 scythe of protection!
* * * LOW HITPOINT WARNING * * *
Sigmund hits you from afar with a +1 scythe of protection.
* * * LOW HITPOINT WARNING * * *
Things that are here:
a +0 dagger; 4 stones You see here a stone.
Sigmund casts a spell at you. The magic dart hits you.
You die...

...# ..)..## .....# ......#
...... ......## ###.....# #####
......# #......#
#...####.#...####......##
#.#......................
....###.......>.@.......#
##..............#........
#.####.........#....##.# .# #.#
####...####....##.# #.# #.#
#<......@#####.# ..
##.#######....###(#####.# #.##
#.....................#.####...
#..########...###...)........####
#..########...###.###.#.###..#...


You could see Sigmund.

Vanquished Creatures
  An adder (D:2)
  An ooze (D:1)
  A worm (D:2)
  3 dart slugs
  A leopard gecko (D:2)
  2 ball pythons (D:2)
  A giant cockroach (D:1)
  4 hobgoblins
  3 kobolds
  A quokka (D:2)
  7 bats
  3 frilled lizards
  3 goblins (D:1)
  6 rats
37 creatures vanquished.

Notes
Turn   | Place    | Note
-------+----------+-------------------------------------------
     0 | D:1      | manyhoops the Palentonga Transmuter began the quest for the
                  | Orb.
     0 | D:1      | Reached XP level 1. HP: 17/17 MP: 3/3
   271 | D:1      | Reached XP level 2. HP: 21/24 MP: 3/5
  1119 | D:2      | Reached XP level 3. HP: 27/31 MP: 6/6
  1245 | D:2      | Reached skill level 4 in Unarmed Combat
  1638 | D:2      | Found a broken altar of Ashenzari.
  1658 | D:2      | Noticed Sigmund
  1699 | D:2      | Killed from afar by Sigmund

Illustrated notes

Levels and vault maps discovered:
D:1:      lemuel_arrival_room, layout_loops_corners
D:2:      layout_loops_ring, evilmike_ruin_ashenzari, uniq_sigmund

Skill      XL: |  1  2  3 |
---------------+----------+-----
Unarmed Combat | 4 |  4.3
Fighting       | 2 |  2.1
Dodging        | |  1.5
Spellcasting   | |  2.0
Transmutations | |  2.0

Action                   || total
-------------------------++-------
Melee: Unarmed           ||   104
       Tailslap          ||     6
       Kick              ||     4
       Headbutt          ||     4
       Punch             ||     2
 Cast: Beastly Appendage ||     7
  Use: Scroll            ||     2
       Potion            ||     2
 Stab: Sleeping          ||     1
Armor: Robe              ||    30
Dodge: Dodged            ||    59
